 Dungeon Crawl Stone Soup version 0.21-a0-201-g8501b10 (webtiles) character file.

435 Leibowitz the Cutter (level 7, -4/44 HPs)
             Began as a Kobold Fighter on Aug 18, 2017.
             Was an Initiate of Okawaru.
             Slain by an ice beast (6 damage)
             ... on level 5 of the Dungeon.
             The game lasted 00:13:55 (4868 turns).

Leibowitz the Cutter (Kobold Fighter)               Turns: 4868, Time: 00:13:56

Health: -4/44      AC:  5    Str: 13    XL:     7   Next: 21%
Magic:  7/7        EV: 12    Int:  9    God:    Okawaru [......]
Gold:   303        SH:  9    Dex: 17    Spells: 6/6 levels left

rFire    . . .     SeeInvis .   a - +0 rapier
rCold    . . .     Gourm    .   c - +0 shield
rNeg     + . .     Faith    .   q - +0 leather armour
rPois    .         Spirit   .   l - +0 helmet
rElec    .         Reflect  .   (no cloak)
rCorr    .         Harm     .   (no gloves)
MR       .....     Rnd*Tele +   g - +0 pair of boots
Stlth    ++........             n - amulet of inaccuracy (curse)
HPRegen  0.14/turn              h - ring of positive energy
MPRegen  0.10/turn              m - ring of teleportation (curse)

@: about to teleport
A: carnivore 3
a: Renounce Religion


You were on level 5 of the Dungeon.
You worshipped Okawaru.
Okawaru was noncommittal.
You were very full.

You visited 1 branch of the dungeon, and saw 5 of its levels.

You collected 303 gold pieces.

Inventory:

Hand Weapons
 a - a +0 rapier (weapon)
 b - a +0 blowgun
Missiles
 i - 4 curare-tipped needles
 y - 26 poisoned needles
Armour
 c - a +0 shield (worn)
 g - a +0 pair of boots (worn)
 l - a +0 helmet (worn)
 q - a +0 leather armour (worn)
Jewellery
 h - a ring of positive energy (left hand)
 m - a cursed ring of teleportation (right hand)
 n - a cursed amulet of inaccuracy (around neck)
Scrolls
 e - 11 scrolls of identify
 k - 4 scrolls of teleportation
 p - a scroll of recharging {unknown}
 t - a scroll of random uselessness {unknown}
 u - 2 scrolls of blinking {unknown}
 z - a scroll of noise {unknown}
Potions
 d - a potion of might
 j - a potion of magic {unknown}
 o - a potion of haste
 r - a potion of invisibility {unknown}
 s - a potion of lignification {unknown}
 v - a potion of agility {unknown}
 x - 2 potions of flight
Comestibles
 f - 2 meat rations
 w - a royal jelly


   Skills:
 * Level 4.4 Fighting
 * Level 5.9 Short Blades
 * Level 3.1 Armour
 * Level 2.3 Dodging
 * Level 3.8 Stealth
 * Level 3.0 Shields


You had 6 spell levels left.
You didn't know any spells.

Dungeon Overview and Level Annotations

Branches:
Dungeon (5/15)
 Temple: D:4-7

Altars:
Ashenzari
Okawaru
Xom


Innate Abilities, Weirdness & Mutations

You are small and have problems with some larger weapons.
You are carnivorous and can eat meat at any time.


Message History

The ice beast barely misses you.
You closely miss the ice beast.
The ice beast is heavily wounded.
The ice beast closely misses you.
You miss the ice beast.
The ice beast is heavily wounded.
You block the ice beast's attack.
You barely miss the ice beast.
The ice beast is heavily wounded.
The ice beast hits you.
* * * LOW HITPOINT WARNING * * *
The ice beast freezes you!
* * * LOW HITPOINT WARNING * * *
Unknown command.
Okay, then.
As you read the scroll of teleportation, it crumbles to dust.
You feel strangely unstable. The ice beast hits you.
* * * LOW HITPOINT WARNING * * *
The ice beast freezes you.
You die...

#.# ##.##..#######.# #.#
#..............#
#.###..##.....######
#......##.....##
#####.##.......##
#...............#
...##.##........#
...##)###.....#Y########
.......##.....#.@.......
#...#.........##########
.....#.##.#.###
..........#.#######
.....#....[.......#
#...##.####.#####.#
##.###.# #.# #.# #.# #.#
#.#####.####### #.# #.#
#..............


You could see an ice beast.

Vanquished Creatures
  An ogre (D:4)
  A big kobold (D:5)
  2 howler monkeys (D:4)
  An orc priest (D:3)
  A worker ant (D:5)
  A hound skeleton (D:4)
  A howler monkey zombie (D:5)
  4 adders
  2 dart slugs (D:3)
  5 leopard geckos
  9 orcs
  5 giant cockroaches
  11 goblins
  5 hobgoblins
  3 quokkas (D:3)
  2 ball pythons
  6 bats
  3 frilled lizards
  A jackal skeleton (D:4)
  12 kobolds
  4 rats
80 creatures vanquished.

Notes
Turn   | Place    | Note
-------+----------+-------------------------------------------
     0 | D:1      | Leibowitz the Kobold Fighter began the quest for the Orb.
     0 | D:1      | Reached XP level 1. HP: 14/14 MP: 1/1
   177 | D:1      | Reached skill level 1 in Stealth
   179 | D:1      | Reached XP level 2. HP: 11/19 MP: 2/2
   790 | D:1      | Reached XP level 3. HP: 18/23 MP: 3/3
   842 | D:1      | Reached skill level 3 in Short Blades
  1565 | D:2      | Reached skill level 1 in Dodging
  2014 | D:3      | Reached XP level 4. HP: 28/28 MP: 4/4
  2355 | D:3      | Found a shattered altar of Ashenzari.
  3056 | D:3      | Reached skill level 4 in Short Blades
  3076 | D:3      | Reached XP level 5. HP: 23/33 MP: 5/5
  3878 | D:4      | Reached XP level 6. HP: 38/38 MP: 6/6
  3971 | D:4      | Reached skill level 5 in Short Blades
  4063 | D:4      | Noticed an ogre
  4076 | D:4      | Killed an ogre
  4298 | D:4      | Found an iron altar of Okawaru.
  4306 | D:4      | Became a worshipper of Warmaster Okawaru
  4482 | D:5      | Entered Level 5 of the Dungeon
  4515 | D:5      | Reached XP level 7. HP: 31/43 MP: 7/7
  4657 | D:5      | Found a shimmering altar of Xom.
  4868 | D:5      | HP: 2/44 [ice beast (2)]
  4868 | D:5      | Slain by an ice beast

Vault maps used:
D:1:      minmay_arrival_three_doors
D:3:      nicolae_overflow_crystal_walls
D:4:      first_bread, okawaru_gym_becter
D:5:      basic_altar

Skill      XL: |  1  2  3  4  5  6 |
---------------+-------------------+-----
Stealth        | 1 2 3 |  3.8
Short Blades   | 3 4 5 |  5.9
Dodging        | 1 2 |  2.3
Armour         | 3 |  3.1
Fighting       | 4 |  4.4
Shields        | 3 |  3.0

Action                   |  1- 3 |  4- 6 |  7- 9 || total
-------------------------+-------+-------+-------++-------
Melee: Rapier            |   102 |   184 |    38 ||   324
 Fire: Blowgun           |       |       |     3 ||     3
  Use: Scroll            |       |     6 |     1 ||     7
 Stab: Sleeping          |     7 |     5 |     2 ||    14
  Eat: Chunk             |    12 |     5 |     3 ||    20
Armor: Scale mail        |    29 |       |       ||    29
       Robe              |     8 |     1 |       ||     9
       Leather armour    |       |    34 |     7 ||    41
Dodge: Dodged            |    40 |    45 |    12 ||    97
Block: Shield            |    39 |    67 |     8 ||   114
